[Event "Romanian Amateur Championship 2024"]
[Site "Eforie Nord"]
[Date "2024.02.26"]
[Round "1.1"]
[White "Pali, Adrian"]
[Black "Negotei, Alin-Adrian"]
[Result "1/2-1/2"]
[ECO "B14"]
[WhiteElo "2186"]
[BlackElo "1481"]
[Annotator "RC"]
[PlyCount "103"]
[EventDate "2024.02.26"]
[EventType "swiss"]
[EventCountry "ROU"]
[SourceTitle "playchess.com"]
[Source "ChessBase"]
[SourceQuality "1"]
[TimeControl "3600+30"]

1. e4 c6 2. c4 d5 3. cxd5 cxd5 4. exd5 Nf6 5. Bc4 g6 6. Nc3 Bg7 7. Nf3 O-O 8. O-O Nbd7 9. d4 Nb6 10. Qb3 Bf5 11. Re1 Bc2 12. Qxc2 Nxc4 13. Qe2 Rc8 14. Qxe7 Qb6 15. Qe2 Rfe8 16. Qc2 Rxe1+ 17. Nxe1 Qxd4 18. Nf3 Qc5 19. Bg5 Nxd5 20. Nxd5 Qxd5 21. Rd1 Qe6 22. b3 Ne5 23. Qe4 Nxf3+ 24. Qxf3 h6 25. Be3 Qe7 26. g3 a6 27. Qg4 Rd8 28. Rc1 Kh7 29. Qf4 Rd7 30. Rc8 Qf6 31. Qg4 Rd8 32. Rxd8 Qxd8 33. Qf3 Qe7 34. Qd5 b5 35. Qc6 Qe6 36. Qb7 Bf6 37. Bb6 h5 38. Kg2 Bc3 39. Be3 Kg7 40. h3 Kh7 41. Qf3 Qf6 42. Qd5 Qe6 43. Qxe6 fxe6 44. Kf3 Kg7 45. Ke4 Kf6 46. g4 hxg4 47. hxg4 Ke7 48. Bc5+ Kd7 49. Kf4 Bf6 50. Ke4 Bc3 51. f4 Bg7 52. Be3 1/2-1/2

[Event "Romanian Amateur Championship 2024"]
[Site "Eforie Nord"]
[Date "2024.02.26"]
[Round "1.2"]
[White "Cimpean, Dragos-Lucian"]
[Black "Zubcu, Vlad-George"]
[Result "0-1"]
[ECO "B23"]
[WhiteElo "1465"]
[BlackElo "2166"]
[Annotator "RC"]
[PlyCount "104"]
[EventDate "2024.02.26"]
[EventType "swiss"]
[EventCountry "ROU"]
[SourceTitle "playchess.com"]
[Source "ChessBase"]
[SourceQuality "1"]
[TimeControl "3600+30"]

1. e4 c5 2. Nc3 e6 3. f4 a6 4. a4 Nc6 5. Nf3 d5 6. d3 g6 7. e5 Nge7 8. Be2 Bg7 9. O-O Rb8 10. Qe1 b5 11. g4 Qb6 12. Qf2 Bd7 13. h4 h5 14. g5 Nf5 15. Bd2 O-O 16. b3 Rfc8 17. Rfc1 Bf8 18. Nd1 Qd8 19. Ne3 Nce7 20. axb5 axb5 21. Ba5 Qe8 22. Nxf5 Nxf5 23. Bd2 Bc6 24. Kh2 d4 25. Kh3 Bd5 26. Nh2 c4 27. bxc4 bxc4 28. Nf1 Rb2 29. Ng3 Nxg3 30. Kxg3 Bc5 31. Bf3 Qd7 32. Rab1 Rcb8 33. Rxb2 Rxb2 34. Be2 Qa4 35. Bd1 cxd3 36. c4 Qa2 37. cxd5 Rxd2 38. Qf3 Qxd5 39. Qxd5 exd5 40. Bf3 Rc2 41. Rd1 d2 42. Bxd5 Bb4 43. Kf2 Rc1 44. Bf3 Kf8 45. Ke2 Ke7 46. Kd3 Rc3+ 47. Ke2 Ke6 48. Bb7 Kf5 49. Rf1 Rc1 50. Bf3 Kxf4 51. Bxh5+ Rxf1 52. Kxf1 gxh5 0-1

[Event "Romanian Amateur Championship 2024"]
[Site "Eforie Nord"]
[Date "2024.02.26"]
[Round "1.3"]
[White "Tudoroiu, Razvan-Catalin"]
[Black "Horvath-Szombathy, Vilmos"]
[Result "1-0"]
[ECO "A48"]
[WhiteElo "2031"]
[BlackElo "1462"]
[Annotator "NA RC"]
[PlyCount "113"]
[EventDate "2024.02.26"]
[EventType "swiss"]
[EventCountry "ROU"]
[SourceTitle "playchess.com"]
[Source "ChessBase"]
[SourceQuality "1"]
[TimeControl "3600+30"]

1. d4 Nf6 2. Bf4 d6 3. e3 g6 4. Be2 Bg7 5. h3 O-O 6. Nf3 Nbd7 7. c3 b6 8. Nbd2 Bb7 9. O-O Re8 10. Bh2 e5 11. a4 e4 12. Ne1 Bh6 13. a5 Qe7 14. a6 Bc8 15. Bb5 Rd8 16. Bc6 Rb8 17. Qb1 Nf8 18. Nxe4 Nxe4 19. Qxe4 Ne6 20. Nc2 Qf6 21. Qf3 Qg7 22. Nb4 Ng5 23. Qe2 Rf8 24. Bd5 Bd7 25. Nc6 Rbe8 26. Nxa7 Qf6 27. Nc6 Nxh3+ 28. gxh3 Qg5+ 29. Bg2 Bxc6 30. Qg4 Bxg2 31. Qxg5 Bxg5 32. Kxg2 Ra8 33. b4 Bf6 34. b5 Rfe8 35. Rfc1 Kf8 36. c4 Ra7 37. Ra2 Be7 38. Kf3 f5 39. Re1 Bf6 40. c5 dxc5 41. dxc5 Bd4 42. exd4 Rxe1 43. Bxc7 g5 44. cxb6 g4+ 45. hxg4 fxg4+ 46. Kg2 Ra8 47. b7 Rae8 48. b8=Q h5 49. a7 h4 50. Qxe8+ Kxe8 51. a8=Q+ Kf7 52. Qd5+ Kf8 53. Bd6+ Kg7 54. Qg5+ Kf7 55. Qf5+ Kg7 56. Ra7+ Kg8 57. Qf8# 1-0

[Event "Romanian Amateur Championship 2024"]
[Site "Eforie Nord"]
[Date "2024.02.26"]
[Round "1.4"]
[White "Marius, Andra-Beatrice"]
[Black "Barbu, Simon-Alexandru"]
[Result "0-1"]
[ECO "A48"]
[WhiteElo "1502"]
[BlackElo "2030"]
[Annotator "NA RC"]
[PlyCount "126"]
[EventDate "2024.02.26"]
[EventType "swiss"]
[EventCountry "ROU"]
[SourceTitle "playchess.com"]
[Source "ChessBase"]
[SourceQuality "1"]
[TimeControl "3600+30"]

1. d4 Nf6 2. Nf3 g6 3. Bf4 Bg7 4. h3 O-O 5. e3 d6 6. Be2 Nbd7 7. O-O b6 8. c3 Bb7 9. Nbd2 c5 10. Qc2 Rc8 11. a4 a6 12. Rfe1 Qc7 13. Bd3 Qb8 14. Bh2 Qa8 15. Rad1 Rfe8 16. Qb1 Bc6 17. Qc2 b5 18. axb5 axb5 19. Ra1 Qb7 20. e4 cxd4 21. Nxd4 Nc5 22. Nxc6 Rxc6 23. Bf1 Nfd7 24. Ra5 Rb6 25. Rea1 Bh6 26. Ra7 Qc6 27. Re1 Bxd2 28. Qxd2 Nxe4 29. Rxe4 Qxe4 30. Rxd7 Qa8 31. Qe3 Ra6 32. Bxb5 Ra1+ 33. Bf1 Qa6 34. Bf4 Qxf1+ 35. Kh2 Qg1+ 36. Kg3 Qe1 37. Qd3 Qe6 38. Rc7 Ra4 39. b4 Rc8 40. Rxc8+ Qxc8 41. Be3 Ra3 42. Bd2 Kg7 43. Qd4+ f6 44. Qe3 Kf7 45. Qh6 Kg8 46. Qe3 e5 47. Qb6 Ra6 48. Qb5 Kg7 49. c4 Qc6 50. Be3 Qxb5 51. cxb5 Ra4 52. Bd2 d5 53. Kf3 Ra8 54. Ke3 Rb8 55. Kd3 Rxb5 56. Kc3 Kf7 57. Kb3 Ke6 58. Ka4 Rb8 59. b5 d4 60. Ka5 Kd5 61. Bb4 Kc4 62. Be7 Rxb5+ 63. Ka6 d3 0-1

[Event "Romanian Amateur Championship 2024"]
[Site "Eforie Nord"]
[Date "2024.02.27"]
[Round "2.1"]
[White "Zubcu, Vlad-George"]
[Black "Anghelescu, Teodor-Stefan"]
[Result "1/2-1/2"]
[ECO "D03"]
[WhiteElo "2166"]
[BlackElo "1718"]
[Annotator "RC"]
[PlyCount "81"]
[EventDate "2024.02.26"]
[EventType "swiss"]
[EventCountry "ROU"]
[SourceTitle "playchess.com"]
[Source "ChessBase"]
[SourceQuality "1"]
[TimeControl "3600+30"]

1. d4 Nf6 2. Nf3 d5 3. Bg5 c6 4. Nbd2 Qb6 5. Rb1 Bf5 6. Nh4 Ne4 7. Nxe4 Bxe4 8. f3 h6 9. Be3 Bh7 10. g3 Nd7 11. Bh3 e6 12. O-O Be7 13. Ng2 O-O 14. Nf4 Nf6 15. Nd3 Bxd3 16. Qxd3 c5 17. c3 cxd4 18. cxd4 Rfc8 19. Bd2 Rc4 20. e3 Rac8 21. Rfd1 Ne8 22. Bf1 Bf6 23. Qb3 Qxb3 24. axb3 R4c7 25. Ra1 a6 26. Bd3 Nd6 27. Kf2 Rc6 28. Rdc1 Rxc1 29. Bxc1 Kf8 30. Bd2 Ke7 31. Bc3 g6 32. e4 dxe4 33. fxe4 Bg7 34. Ke3 Kd7 35. Rf1 f5 36. g4 fxg4 37. Bb4 Rf8 38. Rxf8 Bxf8 39. Kf4 h5 40. Bxd6 Bh6+ 41. Ke5 1/2-1/2

[Event "Romanian Amateur Championship 2024"]
[Site "Eforie Nord"]
[Date "2024.02.27"]
[Round "2.2"]
[White "Gulias, Alin-Constantin"]
[Black "Tudoroiu, Razvan-Catalin"]
[Result "0-1"]
[ECO "B27"]
[WhiteElo "1684"]
[BlackElo "2031"]
[Annotator "RC"]
[PlyCount "49"]
[EventDate "2024.02.26"]
[EventType "swiss"]
[EventCountry "ROU"]
[SourceTitle "playchess.com"]
[Source "ChessBase"]
[SourceQuality "1"]
[TimeControl "3600+30"]

1. e4 c5 2. Nf3 Nc6 3. Bc4 g6 4. O-O Bg7 5. c3 d6 6. d3 Rb8 7. a4 Nf6 8. Bf4 O-O 9. Qd2 Bg4 10. Na3 Bxf3 11. gxf3 Ne5 12. Kg2 Nh5 13. Bg3 Nxc4 14. Nxc4 Qd7 15. Ne3 b5 16. axb5 Rxb5 17. Ra2 Rfb8 18. Rfa1 R5b7 19. Nc4 Nxg3 20. hxg3 e6 21. Na5 Rc7 22. f4 e5 23. Rb1 d5 24. b4 dxe4 25. bxc5 0-1

[Event "Romanian Amateur Championship 2024"]
[Site "Eforie Nord"]
[Date "2024.02.27"]
[Round "2.3"]
[White "Barbu, Simon-Alexandru"]
[Black "Salcu, Laurentiu"]
[Result "1-0"]
[ECO "B23"]
[WhiteElo "2030"]
[BlackElo "1701"]
[Annotator "RC"]
[PlyCount "119"]
[EventDate "2024.02.26"]
[EventType "swiss"]
[EventCountry "ROU"]
[SourceTitle "playchess.com"]
[Source "ChessBase"]
[SourceQuality "1"]
[TimeControl "3600+30"]

1. e4 c5 2. Nc3 Nc6 3. Bb5 Nf6 4. Bxc6 bxc6 5. f4 e6 6. Nf3 d5 7. e5 Nd7 8. O-O Be7 9. d3 O-O 10. b3 Nb6 11. Ba3 a5 12. Ne2 c4 13. Bxe7 Qxe7 14. dxc4 dxc4 15. Ng5 Nd5 16. Qd4 Qa7 17. bxc4 Ne3 18. Rf3 Nxc4 19. Rc3 Ba6 20. Kh1 Qxd4 21. Nxd4 Rfd8 22. Nxc6 Rd7 23. Rd3 Rxd3 24. cxd3 Ne3 25. Nxa5 Bxd3 26. Nb3 Bc4 27. Nc1 Bd5 28. Nf3 Rb8 29. Nd3 Bc4 30. Nde1 Nd5 31. g3 Ne3 32. a4 h6 33. a5 Bd5 34. Kg1 Ra8 35. Kf2 Nc4 36. a6 Nb6 37. Nd3 Ra7 38. Nd4 Na8 39. Nb5 Re7 40. Nc5 Kf8 41. Ke3 Bc6 42. Nd6 Ra7 43. Rb1 g6 44. Rb8+ Kg7 45. Kd4 Nc7 46. Rb6 Bd5 47. Rb7 Rxb7 48. axb7 Bxb7 49. Ncxb7 Nd5 50. Nc5 Ne7 51. Ne8+ Kf8 52. Nf6 Kg7 53. Nce4 Nf5+ 54. Kc5 Ne3 55. Kd6 Nf5+ 56. Kd7 Ne3 57. Ke7 g5 58. fxg5 hxg5 59. Nxg5 Nf1 60. Ng4 1-0

[Event "Romanian Amateur Championship 2024"]
[Site "Eforie Nord"]
[Date "2024.02.27"]
[Round "2.4"]
[White "Raducanu, Andrei-Augustin"]
[Black "Toma, Mihail"]
[Result "1-0"]
[ECO "B01"]
[WhiteElo "1946"]
[BlackElo "1651"]
[Annotator "RC"]
[PlyCount "39"]
[EventDate "2024.02.26"]
[EventType "swiss"]
[EventCountry "ROU"]
[SourceTitle "playchess.com"]
[Source "ChessBase"]
[SourceQuality "1"]
[TimeControl "3600+30"]

1. e4 d5 2. exd5 Qxd5 3. Nc3 Qa5 4. d4 Nf6 5. Nf3 c6 6. Ne5 Bf5 7. g4 Be6 8. Bc4 Bxc4 9. Nxc4 Qc7 10. Qf3 e6 11. Bf4 Qd8 12. O-O-O Nd5 13. Ne4 Nxf4 14. Qxf4 Qd7 15. Ne5 Qc7 16. Ng5 f6 17. Nxe6 Qe7 18. Nf3 Na6 19. Rhe1 Qd6 20. Nxf8+ 1-0

[Event "Romanian Amateur Championship 2024"]
[Site "Eforie Nord"]
[Date "2024.02.27"]
[Round "3.1"]
[White "Tudoroiu, Razvan-Catalin"]
[Black "Miron, Dimitrie"]
[Result "1-0"]
[ECO "D02"]
[WhiteElo "2031"]
[BlackElo "1810"]
[Annotator "NA RC"]
[PlyCount "113"]
[EventDate "2024.02.26"]
[EventType "swiss"]
[EventCountry "ROU"]
[SourceTitle "playchess.com"]
[Source "ChessBase"]
[SourceQuality "1"]
[TimeControl "3600+30"]

1. d4 d5 2. Bf4 c5 3. e3 Nc6 4. Nf3 Nf6 5. Nc3 Bg4 6. Be2 e6 7. O-O cxd4 8. exd4 Bd6 9. Bxd6 Qxd6 10. Nb5 Qd8 11. c3 O-O 12. Na3 Ne4 13. Nc2 a6 14. Nce1 Bxf3 15. Bxf3 Nd6 16. Nd3 b6 17. Qe2 Qc7 18. g3 Na5 19. Kg2 b5 20. h4 Nac4 21. Rae1 a5 22. a3 Rae8 23. Qc2 f5 24. Rxe6 Ne4 25. Rxe8 Rxe8 26. Re1 Rb8 27. Qc1 Ncd6 28. Qf4 Re8 29. Bxe4 dxe4 30. Ne5 Qb7 31. Kh2 Qd5 32. h5 Re6 33. Qg5 Qa8 34. Rg1 Qe8 35. Rh1 Rh6 36. Kg1 Kf8 37. Rh4 Re6 38. h6 g6 39. Rf4 Kg8 40. g4 Qf8 41. gxf5 Nxf5 42. Nd7 Qe7 43. Qxe7 Rxe7 44. Nf6+ Kh8 45. Rxe4 Rxe4 46. Nxe4 Nxh6 47. Nd6 b4 48. axb4 axb4 49. cxb4 Ng8 50. b5 Ne7 51. b6 Nc6 52. d5 Nb8 53. Nf7+ Kg7 54. Nd8 Kf6 55. Nc6 Nd7 56. b7 h6 57. Kg2 1-0

[Event "Romanian Amateur Championship 2024"]
[Site "Eforie Nord"]
[Date "2024.02.27"]
[Round "3.2"]
[White "Dascalescu, Adelin-Stefan"]
[Black "Barbu, Simon-Alexandru"]
[Result "1-0"]
[ECO "D00"]
[WhiteElo "1793"]
[BlackElo "2030"]
[Annotator "NA RC"]
[PlyCount "151"]
[EventDate "2024.02.26"]
[EventType "swiss"]
[EventCountry "ROU"]
[SourceTitle "playchess.com"]
[Source "ChessBase"]
[SourceQuality "1"]
[TimeControl "3600+30"]

1. d4 Nf6 2. Bg5 d5 3. Bxf6 exf6 4. Nf3 Bd6 5. Nc3 c6 6. Qd2 O-O 7. e3 Re8 8. Bd3 a5 9. Ne2 Na6 10. a3 Nc7 11. Ng3 Ne6 12. O-O g6 13. c4 f5 14. Ne2 Bc7 15. Nc3 dxc4 16. Bxc4 Qd6 17. e4 Nf8 18. e5 Qd8 19. Rad1 Be6 20. d5 cxd5 21. Nxd5 Bxd5 22. Bxd5 Rb8 23. Qh6 Bxe5 24. Bxf7+ Kxf7 25. Rxd8 Rbxd8 26. Nxe5+ Rxe5 27. Qc1 Red5 28. Re1 Ne6 29. h3 b6 30. Kh2 R5d6 31. Qh6 Nf8 32. Qh4 Re8 33. Rc1 Rde6 34. Qd4 R8e7 35. Rc8 Re8 36. Rc3 R8e7 37. g4 Rd7 38. Qf4 Re4 39. Qf3 Kf6 40. gxf5 gxf5 41. Rc8 Ng6 42. Rc6+ Re6 43. Rxe6+ Kxe6 44. Qb3+ Ke5 45. Qe3+ Kd5 46. Qxb6 Ke4 47. Qc6+ Rd5 48. f3+ Ke5 49. Qc7+ Ke6 50. Qxh7 Rd2+ 51. Kg3 f4+ 52. Kg4 Kf6 53. Qa7 Rg2+ 54. Kh5 Ne5 55. Qb6+ Kf5 56. Qh6 Nf7 57. Qh7+ Kf6 58. h4 Nd6 59. Qh8+ Ke6 60. Qd4 Nf5 61. Qxf4 Rg7 62. Qc4+ Kd6 63. Qa6+ Ke5 64. Qxa5+ Ke6 65. Qb6+ Ke5 66. Qc5+ Ke6 67. Qc6+ Kf7 68. Qc7+ Ne7 69. a4 Ke6 70. a5 Kf5 71. Qc5+ Ke6 72. Qe3+ Kf7 73. Qf4+ Kg8 74. a6 Rh7+ 75. Kg4 Rg7+ 76. Kh3 1-0

[Event "Romanian Amateur Championship 2024"]
[Site "Eforie Nord"]
[Date "2024.02.27"]
[Round "3.3"]
[White "Almasan, Calin-Ovidiu"]
[Black "Raducanu, Andrei-Augustin"]
[Result "0-1"]
[ECO "B22"]
[WhiteElo "1800"]
[BlackElo "1946"]
[Annotator "NA RC"]
[PlyCount "90"]
[EventDate "2024.02.26"]
[EventType "swiss"]
[EventCountry "ROU"]
[SourceTitle "playchess.com"]
[Source "ChessBase"]
[SourceQuality "1"]
[TimeControl "3600+30"]

1. e4 c5 2. c3 d6 3. f4 Nf6 4. Bb5+ Bd7 5. Bxd7+ Qxd7 6. Qf3 Nc6 7. d3 g6 8. Ne2 Bg7 9. O-O O-O 10. Ng3 b5 11. Rd1 Rfc8 12. d4 cxd4 13. cxd4 Nxd4 14. Qd3 Nc2 15. e5 dxe5 16. Qxd7 Nxd7 17. Rxd7 Nxa1 18. Nc3 b4 19. Nce2 Kf8 20. f5 Ke8 21. Rb7 Nc2 22. Bd2 a5 23. fxg6 hxg6 24. Ne4 Nd4 25. N2g3 Rab8 26. Ra7 Ra8 27. Rb7 Rcb8 28. Rc7 Ne6 29. Rc6 Kd7 30. Rc1 f5 31. Nf2 Rc8 32. Rd1 Ke8 33. h4 Rc2 34. h5 Kf7 35. a3 Rd8 36. Nf1 Rxb2 37. axb4 axb4 38. hxg6+ Kxg6 39. g4 fxg4 40. Nxg4 Nd4 41. Ngh2 Nb3 42. Nf3 e4 43. Nh4+ Kf7 44. Ng3 Nxd2 45. Nxe4 Nf3+ 0-1

[Event "Romanian Amateur Championship 2024"]
[Site "Eforie Nord"]
[Date "2024.02.27"]
[Round "3.4"]
[White "Cazan, Mircea-Andrei"]
[Black "Gazdaru, Rares"]
[Result "0-1"]
[ECO "B11"]
[WhiteElo "1894"]
[BlackElo "1807"]
[Annotator "NA RC"]
[PlyCount "70"]
[EventDate "2024.02.26"]
[EventType "swiss"]
[EventCountry "ROU"]
[SourceTitle "playchess.com"]
[Source "ChessBase"]
[SourceQuality "1"]
[TimeControl "3600+30"]

1. e4 c6 2. Nc3 d5 3. Nf3 Bg4 4. h3 Bxf3 5. Qxf3 e6 6. d3 Nd7 7. Bd2 Ngf6 8. g4 Ne5 9. Qg3 Nfd7 10. f4 Qh4 11. Qxh4 Nf3+ 12. Kf2 Nxh4 13. d4 O-O-O 14. Bd3 dxe4 15. Nxe4 Be7 16. Kg3 h6 17. a4 Nf6 18. Nxf6 Bxf6 19. Be3 g5 20. fxg5 Bxg5 21. Rae1 Rhe8 22. Rhf1 Re7 23. Bxg5 hxg5 24. Re5 Rd5 25. Rxg5 Rxg5 26. Kxh4 Rg8 27. g5 Rd7 28. c3 Kd8 29. Be4 Re7 30. Kh5 Kd7 31. Rf6 Ke8 32. Kh6 e5 33. dxe5 Rxe5 34. Bf5 Ke7 35. Kh7 Rxg5 0-1

[Event "Romanian Amateur Championship 2024"]
[Site "Eforie Nord"]
[Date "2024.02.28"]
[Round "4.1"]
[White "Gazdaru, Rares"]
[Black "Tudoroiu, Razvan-Catalin"]
[Result "0-1"]
[ECO "A70"]
[WhiteElo "1807"]
[BlackElo "2031"]
[Annotator "RC"]
[PlyCount "152"]
[EventDate "2024.02.26"]
[EventType "swiss"]
[EventCountry "ROU"]
[SourceTitle "playchess.com"]
[Source "ChessBase"]
[SourceQuality "1"]
[TimeControl "3600+30"]

1. d4 Nf6 2. Nf3 c5 3. d5 e6 4. c4 exd5 5. cxd5 d6 6. Nc3 g6 7. e4 Bg7 8. Bc4 O-O 9. O-O a6 10. a4 Bg4 11. h3 Bxf3 12. Qxf3 Nbd7 13. Bf4 Qe7 14. Rfe1 Rab8 15. Qg3 Ne8 16. Rad1 Ne5 17. Bxe5 Bxe5 18. f4 Bd4+ 19. Kh1 Nf6 20. Qg5 Rbe8 21. Bd3 Kg7 22. Qg3 Nh5 23. Qf3 Bxc3 24. bxc3 Qf6 25. Bc2 Qxf4 26. Qxf4 Nxf4 27. a5 Re7 28. Ba4 Rd8 29. Kh2 Nh5 30. Re2 Nf6 31. Rde1 Nd7 32. Bxd7 Rdxd7 33. c4 Kf6 34. Kg3 Ke5 35. Kf3 Rd8 36. g4 Rh8 37. Ke3 Kf6 38. Kf4 g5+ 39. Ke3 h5 40. Rf2+ Kg6 41. Rf3 hxg4 42. hxg4 Rh2 43. Rff1 Rh4 44. Rf3 Rxg4 45. Kd3 Kg7 46. Rf5 Rg3+ 47. Re3 Rxe3+ 48. Kxe3 f6 49. Rf1 Kg6 50. Kd3 Rh7 51. Rb1 g4 52. Rb6 Rd7 53. Ke3 Kg5 54. Rb1 f5 55. exf5 Re7+ 56. Kf2 Kxf5 57. Rf1 Re4 58. Rb1 Rxc4 59. Rxb7 Ke5 60. Rb6 Kxd5 61. Rxa6 Ra4 62. Ra8 Kd4 63. a6 d5 64. a7 c4 65. Ke2 Ra2+ 66. Ke1 g3 67. Rg8 Rxa7 68. Rg4+ Kc5 69. Rxg3 Ra2 70. Kd1 d4 71. Kc1 c3 72. Kb1 Rh2 73. Rg8 Kc4 74. Rg1 Kb3 75. Rf1 Rb2+ 76. Ka1 Ra2+ 0-1

[Event "Romanian Amateur Championship 2024"]
[Site "Eforie Nord"]
[Date "2024.02.28"]
[Round "4.2"]
[White "Raducanu, Andrei-Augustin"]
[Black "Dascalescu, Adelin-Stefan"]
[Result "1-0"]
[ECO "B39"]
[WhiteElo "1946"]
[BlackElo "1793"]
[Annotator "RC"]
[PlyCount "119"]
[EventDate "2024.02.26"]
[EventType "swiss"]
[EventCountry "ROU"]
[SourceTitle "playchess.com"]
[Source "ChessBase"]
[SourceQuality "1"]
[TimeControl "3600+30"]

1. e4 c5 2. Nf3 g6 3. c4 Nc6 4. d4 cxd4 5. Nxd4 Bg7 6. Be3 Nf6 7. Nc3 Ng4 8. Qxg4 Nxd4 9. Qd1 Nc6 10. Be2 d6 11. O-O O-O 12. Qd2 Be6 13. Nd5 Bxd5 14. cxd5 Ne5 15. Rac1 Qd7 16. h3 Qa4 17. b3 Qxe4 18. f4 Bh6 19. Rc3 Nd7 20. Rc4 Qf5 21. Bg4 Qf6 22. Bxd7 e6 23. dxe6 fxe6 24. Qxd6 b5 25. Re4 Rad8 26. Qxe6+ Qxe6 27. Bxe6+ Kh8 28. Bd4+ Bg7 29. Bxg7+ Kxg7 30. Bg4 Rf7 31. Rd1 Rdf8 32. Rd7 h5 33. Be6 Rxd7 34. Bxd7 a6 35. Re7+ Kh6 36. Re6 Rxf4 37. Rxa6 b4 38. Be8 Re4 39. Bxg6 Re1+ 40. Kh2 h4 41. Bd3+ Kh5 42. Ra5+ Kh6 43. Ra4 Rd1 44. Bc4 Rd2 45. Rxb4 Rxa2 46. Rb5 Rc2 47. Bf7 Rf2 48. Rh5+ Kg7 49. Bc4 Rf4 50. Rg5+ Kf6 51. Rg4 Rf2 52. Rxh4 Ke5 53. Rh8 Kd4 54. Re8 Kc5 55. h4 Rf5 56. g4 Rf3 57. Kg2 Rc3 58. Kf2 Rh3 59. h5 Kb4 60. Re3 1-0

[Event "Romanian Amateur Championship 2024"]
[Site "Eforie Nord"]
[Date "2024.02.28"]
[Round "4.3"]
[White "Leu, Dragos Stefan"]
[Black "Petroff, Vlad"]
[Result "0-1"]
[ECO "A07"]
[WhiteElo "1838"]
[BlackElo "1655"]
[Annotator "NA RC"]
[PlyCount "80"]
[EventDate "2024.02.26"]
[EventType "swiss"]
[EventCountry "ROU"]
[SourceTitle "playchess.com"]
[Source "ChessBase"]
[SourceQuality "1"]
[TimeControl "3600+30"]

1. Nf3 d5 2. g3 Nc6 3. Bg2 e5 4. d3 f6 5. O-O Be6 6. Nbd2 {[%emt 0:04:00] A07: Réti Opening: New York and Capablanca Systems.} Qd7 7. a3 O-O-O 8. b4 g5 9. Bb2 h5 10. h4 gxh4 11. Nxh4 Nh6 12. e4 d4 13. Nb3 Bg4 14. Qe1 Bh3 15. b5 Nb8 16. a4 Bxg2 17. Kxg2 Rg8 18. Rc1 Qg4 19. Rh1 Nd7 20. c3 Qe6 21. c4 Nc5 (21... Rg4 $11 {remains equal.}) 22. Nxc5 Bxc5 23. a5 ({White should try} 23. Qe2 $16) 23... Rdf8 (23... f5 $1 $11) 24. Qe2 Qf7 25. b6 cxb6 $16 26. axb6 axb6 27. Ra1 Kc7 28. Ba3 Bxa3 29. Rxa3 Ra8 30. Rb3 Ra6 31. Rhb1 Re8 32. c5 Re6 33. Qd2 Ng4 34. cxb6+ Kb8 35. Nf5 Rc6 36. f3 Ne3+ 37. Nxe3 dxe3 38. Qxe3 Rc2+ 39. Kg1 Qxb3 40. Rxb3 Ra1+ 0-1

[Event "Romanian Amateur Championship 2024"]
[Site "Eforie Nord"]
[Date "2024.02.28"]
[Round "4.4"]
[White "Zubcu, Vlad-George"]
[Black "Donici-Maier, David"]
[Result "1-0"]
[ECO "D02"]
[WhiteElo "2166"]
[BlackElo "1845"]
[Annotator "RC"]
[PlyCount "69"]
[EventDate "2024.02.26"]
[EventType "swiss"]
[EventCountry "ROU"]
[SourceTitle "playchess.com"]
[Source "ChessBase"]
[SourceQuality "1"]
[TimeControl "3600+30"]

1. d4 Nf6 2. Nc3 d5 3. Bf4 a6 4. Nf3 e6 5. e3 c5 6. Be2 Nc6 7. O-O Be7 8. h3 O-O 9. a3 b5 10. Nb1 Bb7 11. Nbd2 cxd4 12. exd4 Ne4 13. c3 Bd6 14. Bxd6 Qxd6 15. Nxe4 dxe4 16. Nd2 Ne7 17. a4 e5 18. Nb3 exd4 19. Qxd4 Nf5 20. Qxd6 Nxd6 21. Rfd1 Rad8 22. Nc5 Bc8 23. Kf1 f5 24. Rd4 Kf7 25. axb5 axb5 26. Ra5 b4 27. Rxb4 Be6 28. Ra6 Bc8 29. Ra7+ Kg6 30. Ke1 Rf7 31. Ra8 Re7 32. Rd4 e3 33. f4 Kf7 34. Bc4+ Ke8 35. Rxd6 1-0

[Event "Romanian Amateur Championship 2024"]
[Site "Eforie Nord"]
[Date "2024.02.28"]
[Round "5.1"]
[White "Tudoroiu, Razvan-Catalin"]
[Black "Raducanu, Andrei-Augustin"]
[Result "0-1"]
[ECO "A45"]
[WhiteElo "2031"]
[BlackElo "1946"]
[Annotator "NA RC"]
[PlyCount "88"]
[EventDate "2024.02.26"]
[EventType "swiss"]
[EventCountry "ROU"]
[SourceTitle "playchess.com"]
[Source "ChessBase"]
[SourceQuality "1"]
[TimeControl "3600+30"]

1. d4 Nf6 2. Bf4 g6 3. Nc3 d5 4. Nb5 Na6 5. e3 c6 6. Nc3 Nc7 7. h4 h6 8. Be2 Bg7 9. Nf3 Ng4 10. Bg3 Bf5 11. h5 g5 12. Bd3 Bxd3 13. Qxd3 Qd7 14. O-O-O O-O-O 15. Na4 b6 16. Qb3 Nb5 17. Kb1 Nd6 18. Nd2 (18. Rhe1 $1 $11) 18... Qb7 $16 ({Not} 18... Nf5 19. Nc5 Qe8 (19... bxc5 20. Qb8#) 20. Qd3 bxc5 (20... Nxg3 $2 21. Qa6+ Kc7 22. Qxa7+ Kd6 23. Nb7+ Ke6 24. fxg3 $18) 21. Qxf5+ Qd7 22. Qxf7 $16) (18... f5 $11 {keeps the balance.} 19. Bxd6 Qxd6 (19... exd6 20. Rhf1 $15)) 19. f3 Nf6 20. c4 dxc4 21. Nxc4 b5 22. Nxd6+ exd6 23. Nc3 d5 24. Rc1 a6 25. Rc2 Rhe8 26. Ne2 Re6 27. Qd3 Rde8 28. Be5 Bf8 29. Qf5 Nd7 30. Rhc1 f6 31. Bg3 Kd8 32. e4 Nb6 33. exd5 Nxd5 34. Rxc6 Ne3 35. Bc7+ Kd7 36. Qh7+ R8e7 37. d5 Rxh7 38. dxe6+ Ke8 39. Ba5 Nc4 40. Nd4 Bd6 41. b3 Nxa5 42. Rc8+ Ke7 43. Nf5+ Kxe6 44. Nd4+ Kd7 0-1

[Event "Romanian Amateur Championship 2024"]
[Site "Eforie Nord"]
[Date "2024.02.28"]
[Round "5.2"]
[White "Petroff, Vlad"]
[Black "Zubcu, Vlad-George"]
[Result "0-1"]
[ECO "C28"]
[WhiteElo "1655"]
[BlackElo "2166"]
[Annotator "RC"]
[PlyCount "76"]
[EventDate "2024.02.26"]
[EventType "swiss"]
[EventCountry "ROU"]
[SourceTitle "playchess.com"]
[Source "ChessBase"]
[SourceQuality "1"]
[TimeControl "3600+30"]

1. e4 e5 2. Bc4 Nf6 3. Nc3 Nc6 4. d3 Na5 5. Nge2 Bc5 6. O-O Nxc4 7. dxc4 h6 8. h3 a5 9. b3 O-O 10. Qd3 d6 11. Be3 Nd7 12. Rfd1 Bxe3 13. Qxe3 Nc5 14. Ng3 Kh7 15. Qf3 g6 16. Re1 Bd7 17. Rad1 f5 18. exf5 gxf5 19. Nd5 Rc8 20. Kh2 Qg5 21. Qh5 Qg7 22. Qf3 f4 23. Ne4 Nxe4 24. Rxe4 Bf5 25. Re2 b6 26. Nc3 Kh8 27. Ne4 Qf7 28. Rde1 Bg6 29. Rd2 Rg8 30. Rg1 Rcf8 31. Qd3 Rg7 32. f3 Bf5 33. Rdd1 Rfg8 34. Qe2 Qe7 35. Rdf1 Qh4 36. Qf2 Rg3 37. Kh1 Bxh3 38. Nxg3 Be6# 0-1

[Event "Romanian Amateur Championship 2024"]
[Site "Eforie Nord"]
[Date "2024.02.28"]
[Round "5.3"]
[White "Tanasie, Cosmin"]
[Black "Rusu, Adrian"]
[Result "1-0"]
[ECO "A45"]
[WhiteElo "2017"]
[BlackElo "1734"]
[Annotator "NA RC"]
[PlyCount "101"]
[EventDate "2024.02.26"]
[EventType "swiss"]
[EventCountry "ROU"]
[SourceTitle "playchess.com"]
[Source "ChessBase"]
[SourceQuality "1"]
[TimeControl "3600+30"]

1. d4 Nf6 2. Bf4 e6 3. e3 c5 4. c3 cxd4 5. exd4 b6 6. Nd2 Be7 7. h3 O-O 8. Ngf3 d6 9. Bd3 Ba6 10. Bxa6 Nxa6 11. Qe2 Nc7 12. O-O b5 13. Rfc1 Ncd5 14. Bh2 Qd7 15. Ne1 Rfc8 16. Nd3 a5 17. a4 bxa4 18. Qd1 Nb6 19. c4 Qc6 20. c5 dxc5 21. dxc5 Nbd7 22. Qxa4 Qd5 23. c6 Qxd3 24. cxd7 Qxd7 25. Rxc8+ Qxc8 26. Nc4 Qc5 27. Bf4 Nd5 28. Bd2 Qd4 29. Qc6 Rd8 30. Bxa5 Bc5 31. Bxd8 Qxc4 32. Qe8+ Bf8 33. Bg5 h6 34. Bd2 Qc2 35. Ra8 Qxd2 36. Qxf8+ Kh7 37. Qxf7 Qe1+ 38. Kh2 Qe5+ 39. g3 Nf6 40. Ra7 Nh5 41. Re7 Qxb2 42. Rxe6 Nf6 43. Rxf6 Qxf6 44. Qxf6 gxf6 45. Kg2 Kg6 46. Kf3 Kf5 47. Ke3 Ke5 48. f4+ Kd5 49. g4 h5 50. gxh5 Ke6 51. Ke4 1-0